 Dungeon Crawl Stone Soup version 0.28-a0-622-gbaef9634d7 (webtiles) character file.

Game seed: 12848115760037226560

109897 siradein the Grappler (level 16, -19/142 HPs)
             Began as a Troll Transmuter on Oct 8, 2021.
             Was the Champion of Hepliaklqana.
             Killed by an exploding ball lightning (31 damage)
             ... on level 15 of the Dungeon.
             The game lasted 01:25:27 (22816 turns).

siradein the Grappler (Troll Transmuter)           Turns: 22816, Time: 01:25:28

Health: -19/142    AC: 20    Str: 23    XL:     16   Next: 5%
Magic:  26/26      EV: 14    Int: 17    God:    Hepliaklqana [******]
Gold:   1219       SH:  0    Dex: 10    Spells: 18/30 levels left

rFire   . . .      SeeInvis .     - Unarmed
rCold   + + +      Faith    .   (no shield)
rNeg    . . .      Spirit   .   X - +0 ice dragon scales
rPois   .          Reflect  .   (helmet currently unavailable)
rElec   .          Harm     .   r - +2 cloak
rCorr   .          Rampage  .   (gloves unavailable)
Will    +....                   (boots unavailable)
Stlth   ..........              q - amulet of regeneration
HPRegen 2.33/turn               W - +4 ring of protection
MPRegen 0.20/turn               s - ring of Fedhas's Supremacy {rF+ rC+ EV+4 Int+4 Slay+3}

@: appendages, wereblooded
A: horns 2, talons 2, reduced essence, large, unfitting armour, claws 3,
regeneration 1, shaggy fur 1, tough skin 1
a: End Transformation, Renounce Religion, Recall Ancestor, Ancestor Identity,
Transference, Idealise


You were on level 15 of the Dungeon.
You worshipped Hepliaklqana.
Hepliaklqana was exalted by your worship.
You had temporarily grown beastly horns and talons.
You visited 4 branches of the dungeon, and saw 24 of its levels.
You also visited: Sewer and Ossuary.

You collected 2469 gold pieces.
You spent 1250 gold pieces at shops.

Inventory:

Hand Weapons
 I - the +10 demon trident "Tormentor" {freeze, Fly Will+ rCorr Dex+3}
   (You acquired it on level 15 of the Dungeon)

   It freezes those it strikes, dealing additional cold damage.
   It can also slow down cold-blooded creatures.
   Dex:       It affects your dexterity (+3).
   Fly:       It grants you flight.
   rCorr:     It protects you from acid and corrosion.
   Will:      It increases your willpower.
Missiles
 m - 122 poisoned darts
 p - 4 javelins
 u - 6 throwing nets
 x - 2 atropa-tipped darts
Armour
 r - a +2 cloak (worn)
 X - +0 ice dragon scales (worn)
 Z - a +2 troll leather armour
Jewellery
 g - an amulet of magic regeneration
 k - a ring of poison resistance
 q - an amulet of regeneration (around neck)
 s - the ring of Fedhas's Supremacy (right claw) {rF+ rC+ EV+4 Int+4 Slay+3}
   (You bought it in a shop on level 10 of the Dungeon)

   [ring of evasion]

   EV:        It affects your evasion (+4).
   Int:       It affects your intelligence (+4).
   Slay:      It affects your accuracy & damage with ranged weapons and melee
   (+3).
   rF:        It protects you from fire.
   rC:        It protects you from cold.
 W - a +4 ring of protection (left claw)
Wands
 d - a wand of iceblast (36)
 l - a wand of charming (2)
 t - a wand of digging (5)
 w - a wand of polymorph (21)
 L - a wand of mindburst (39)
 P - a wand of acid (5)
 U - a wand of flame (62)
Scrolls
 b - 2 scrolls of fear
 c - 4 scrolls of blinking
 e - 10 scrolls of teleportation {unknown}
 i - 4 scrolls of amnesia {unknown}
 j - 2 scrolls of silence
 y - 2 scrolls of summoning
 B - 7 scrolls of fog
 C - 3 scrolls of magic mapping
 E - 5 scrolls of immolation
 H - a scroll of identify
 K - 2 scrolls of holy word
 O - 3 scrolls of enchant weapon
 V - a scroll of brand weapon
Potions
 a - 4 potions of might
 f - 2 potions of heal wounds
 h - 9 potions of lignification
 n - 3 potions of resistance
 o - 3 potions of attraction
 v - 14 potions of curing
 z - 2 potions of magic
 A - 2 potions of experience {unknown}
 D - 2 potions of haste {unknown}
 F - 2 potions of mutation {unknown}
 G - 4 potions of ambrosia {unknown}
 J - 2 potions of brilliance {unknown}
 M - a potion of invisibility {unknown}
 N - 2 potions of flight {unknown}
 S - 3 potions of berserk rage
 T - 2 potions of cancellation
Miscellaneous
 Q - a phantom mirror
 R - a lightning rod (4/4)


   Skills:
 + Level 9.8 Fighting
 + Level 6.2 Armour
 + Level 9.9 Dodging
 + Level 12.0 Unarmed Combat
 + Level 7.6 Spellcasting
 + Level 9.0 Transmutations
 + Level 9.8 Invocations
 + Level 6.1 Evocations


You had 18 spell levels left.
You knew the following spells:

 Your Spells              Type           Power      Damage    Failure   Level
a - Beastly Appendage     Tmut           74%        N/A       1%          1
b - Wereblood             Tmut           37%        N/A       1%          2
c - Spider Form           Tmut/Pois      10%        N/A       14%         3
d - Ice Form              Ice/Tmut       21%        N/A       43%         4
e - Passwall              Tmut/Erth      17%        N/A       7%          2

Your spell library contained the following spells:

 Spells                   Type           Power      Damage    Failure   Level
 Ignite Poison            Fire/Tmut/Pois 16%        N/A       26%         3
 Freeze                   Ice            24%        1d5       30%         1
 Magic Dart               Conj           24%        1d4       30%         1
 Shock                    Conj/Air       24%        1d4       30%         1
 Summon Small Mammal      Summ           24%        N/A       30%         1
 Call Imp                 Summ           6%         N/A       43%         2
 Corpse Rot               Necr/Air       N/A        N/A       43%         2
 Ensorcelled Hibernation  Hex/Ice        12%        N/A       43%         2
 Poisonous Vapours        Pois/Air       12%        N/A       43%         2
 Static Discharge         Conj/Air       6%         N/A       43%         2
 Sublimation of Blood     Necr           3%         N/A       43%         2
 Petrify                  Tmut/Erth      21%        N/A       43%         4
 Conjure Flame            Conj/Fire      6%         6-21      67%         3
 Mephitic Cloud           Conj/Pois/Air  6%         N/A       67%         3
 Irradiate                Conj/Tmut      10%        3d17      78%         5
 Airstrike                Air            3%         N/A       97%         4
 Animate Dead             Necr           3%         N/A       97%         4
 Dispel Undead            Necr           6%         3d8       97%         4
 Sticky Flame             Conj/Fire      6%         2d3       97%         4
 Fireball                 Conj/Fire      3%         3d4       100%        5
 Freezing Cloud           Conj/Ice/Air   3%         6-21      100%        5
 Lightning Bolt           Conj/Air       3%         1d14      100%        5
 Conjure Ball Lightning   Conj/Air       3%         3x3d6     100%        6
 Death Channel            Necr           3%         N/A       100%        6
 Starburst                Conj/Fire      3%         6d3       100%        6
 Haunt                    Necr/Summ      3%         N/A       100%        7
 Summon Hydra             Summ           3%         N/A       100%        7
 Discord                  Hex            3%         N/A       100%        8
 Disjunction              Tloc           3%         N/A       100%        8
 Ignition                 Fire           3%         3d4       100%        8
 Infestation              Necr           3%         N/A       100%        8
 Maxwell's Capacitive Co  Air            3%         ∞         100%        8


Dungeon Overview and Level Annotations

Branches:
Dungeon (15/15)            Temple (1/1) D:5            Lair (6/6) D:10
 Shoals (0/4) Lair:2       Spider (0/4) Lair:3        Slime (0/5) Lair:5
    Orc (2/2) D:10            Elf (0/3) Orc:2        Vaults (0/5) D:13
 Depths (0/4) D:15          Sewer (visited)         Ossuary (visited)

Altars:
Ashenzari
Cheibriados
Dithmenos
Elyvilon
Fedhas
Gozag
Hepliaklqana
Kikubaaqudgha
Makhleb
Nemelex Xobeh
Okawaru
Qazlal
Ru
Sif Muna
Trog
Uskayaw
Vehumet
Wu Jian
Xom
Yredelemnul
Zin
The Shining One
Beogh
Jiyva

Shops:
D:3 *[?   D:8 :   D:10 =[   D:12 *   D:14 (   Orc:2 (!==

Annotations:
D:10 3 runed translucent doors


Innate Abilities, Weirdness & Mutations

You have temporarily grown beastly horns and talons.
Your life essence is reduced to manifest your ancestor. (-10% HP)
You are too large for most types of armour.
You have claws for hands.
Your natural rate of healing is unusually fast.
You are covered in fur. (AC +1)
You have tough skin. (AC +1)


Message History

Robertstho's ghost casts a spell.
You miss robertstho's ghost. Your kick misses robertstho's ghost.
You headbutt robertstho's ghost.
Robertstho's ghost is moderately damaged.
The ball lightning explodes!
The blast of lightning engulfs robertstho's ghost!
Robertstho's ghost resists.
The blast of lightning engulfs the ice beast!!
The ice beast dies!
The ice beast disappears in a puff of smoke!
The blast of lightning engulfs you!
* * * LOW HITPOINT WARNING * * *
You claw robertstho's ghost!
You claw robertstho's ghost, but do no damage.
Robertstho's ghost is heavily damaged.
You howl as the wereblood boils in your veins!
Robertstho's ghost hits you!!
* * * LOW HITPOINT WARNING * * *
You feel much better.
Robertstho's ghost hits you but does no damage.
You mangle robertstho's ghost!!
Your headbutt misses robertstho's ghost.
Robertstho's ghost is severely damaged.
Robertstho's ghost casts a spell. 3 ball lightnings come into view.
You scratch robertstho's ghost.
Robertstho's ghost is severely damaged.
The ball lightning explodes!
The blast of lightning engulfs you!!
* * * LOW HITPOINT WARNING * * *
The blast of lightning engulfs robertstho's ghost!
Robertstho's ghost resists.
The blast of lightning engulfs the ball lightning.
The ball lightning completely resists.
Robertstho's ghost hits you.
* * * LOW HITPOINT WARNING * * *
You mangle robertstho's ghost!!
You feel a bit better.
You destroy robertstho's ghost!
The ball lightning explodes!
The blast of lightning engulfs the ball lightning.
The ball lightning completely resists.
The blast of lightning engulfs you!!
You die...

#..######...####♣♣!.....♣.♣
#.#. #..####
##.....#♣.###)###[♣ #.#.
#...).# #.##### ##⌠W..⌠##
#... #.###.# #.# #..§....#
###. #.# #.# #.# ###..####
#. #.###.####.# #i## #.
#.##...[.#.# #.# ###.
#.##.###.#.#########.# #...
#....# #........@.)*.# #.##
####.###.##########..# #.#
#.....# #..# #.# ###.###
#..# #.# #.# #..# #.# #.#
#..# #.# #.# #..# #.# #.#
#..# #.# #.# #..# #.#


You could see a ball lightning (wandering).

Vanquished Creatures
  Jorgrun (Orc:1)
  The ghost of robertstho the Eclecticist, an adept DjFE of Gozag (D:15)
  The ghost of contendunt the Nimble, a journeyman MiFi of Okawaru (Orc:1)
  Nessos (Lair:4)
  Josephine (Lair:4)
  Harold (D:11)
  2 ice dragons (D:15)
  8 hydras
  4 vault guards (D:13)
  5 centaur warriors
  3 ogre magi
  3 boulder beetles
  Erolcha (D:9)
  A catoblepas (Lair:6)
  2 death knights (D:14)
  8 two-headed ogres
  9 death yaks
  A dancing weapon (Orc:1)
  A deep troll shaman (Lair:6)
  An orc high priest (Orc:2)
  5 tengu warriors
  Urug (D:12)
  2 orc knights
  11 orc sorcerers
  18 ugly things
  An oklob plant (D:3)
  5 manticores
  3 cyclopes
  Joseph (Lair:1)
  5 black mambas
  3 elephants (Lair:6)
  3 gargoyles
  2 torpor snails
  16 cane toads
  An unseen horror (D:13)
  A cane toad (shapeshifter) (D:14)
  7 komodo dragons
  Psyche (D:9)
  A kobold demonologist (D:12)
  3 efreet
  A tengu conjurer (D:13)
  5 hornets
  6 trolls
  3 polar bears
  A hornet (shapeshifter) (D:13)
  7 slime creatures
  10 blink frogs
  7 dream sheep
  A snapping turtle (Lair:2)
  7 wraiths
  Sigmund (D:6)
  A vampire (D:11)
  27 yaks
  6 basilisks
  2 wyverns (Lair:6)
  2 steam dragons
  3 vampire mosquitoes
  2 wargs (Orc:1)
  Menkaure (Ossuary)
  An acid dragon (D:10)
  Duvessa (D:7)
  11 water moccasins
  2 black bears
  25 orc warriors
  A boggart (D:15)
  57 wolves
  14 ogres
  A phantom (D:4)
  19 centaurs
  6 kobold brigands
  6 bullfrogs
  3 scorpions
  A wyvern zombie (D:9)
  14 killer bees
  10 wights
  6 howler monkeys
  4 centaur zombies
  2 jellies
  A lava snake (Orc:2)
  3 bullfrog skeletons
  A gnoll shaman (D:4)
  15 orc priests
  3 hounds
  An iguana (D:4)
  40 orc wizards
  11 hell rats
  A killer bee zombie (D:7)
  2 ogre zombies (Ossuary)
  7 mummies
  8 gnolls
  7 river rats
  10 adders
  A shadow imp (D:5)
  An ufetubus (D:5)
  4 adder zombies (Ossuary)
  4 worms
  7 dart slugs
  80 orcs
  15 ball pythons
  14 endoplasms
  6 giant cockroaches
  6 goblins
  7 hobgoblins
  14 kobolds
  3 quokkas
  3 bats
  5 frilled lizards
  2 goblin zombies (Ossuary)
  9 hobgoblin zombies
  5 kobold zombies
  A quokka zombie (Ossuary)
  11 rats
  6 rat zombies (Ossuary)
  A bush (D:6)
737 creatures vanquished.

Vanquished Creatures (collateral kills)
  A dire elephant (Lair:6)
  The ghost of Devyomi the Protected, a journeyman GrBe of Trog (Lair:5)
  The ghost of Isouggaj the Gelid, a journeyman BaIE of Vehumet (Lair:5)
  3 hydras
  A centaur warrior (D:14)
  2 two-headed ogres (D:12)
  A catoblepas (Lair:6)
  2 death yaks
  A tengu warrior (D:13)
  An ugly thing (D:12)
  A manticore (D:12)
  An elephant (Lair:6)
  A torpor snail (Lair:4)
  A cane toad (Lair:6)
  An unseen horror (D:11)
  3 komodo dragons
  2 blink frogs (Lair:6)
  A slime creature (D:13)
  3 dream sheep (Lair:6)
  A vampire (D:13)
  A spriggan (D:15)
  A wraith (Lair:4)
  3 yaks
  A basilisk (Lair:3)
  An acid dragon (D:12)
  A water moccasin (Lair:4)
  An orc warrior (Orc:1)
  An ogre (Orc:1)
  A wolf (Lair:3)
  A centaur (D:12)
  A bullfrog (D:7)
  Dowan (D:7)
  A scorpion (Lair:3)
  2 killer bees (D:10)
  8 orc wizards
  7 orcs
  A giant cockroach (Lair:3)
62 creatures vanquished.

Vanquished Creatures (others)
  2 spriggans (D:15)
  A hornet (D:15)
  A human (D:7)
  18 hexers
  An orc wizard (Orc:2)
  An ancestor (Ossuary)
  5 ball lightnings (D:15)
  19 fungi
  41 plants
89 creatures vanquished.

Grand Total: 888 creatures vanquished

Notes
Turn   | Place    | Note
-------+----------+-------------------------------------------
     0 | D:1      | siradein the Troll Transmuter began the quest for the Orb.
     0 | D:1      | Reached XP level 1. HP: 18/18 MP: 1/1
   104 | D:1      | Reached skill level 1 in Fighting
   114 | D:1      | Reached XP level 2. HP: 23/27 MP: 3/3
   431 | D:1      | Found a faded altar of an unknown god.
   485 | D:2      | Found a shadowy altar of Dithmenos.
   490 | D:2      | Reached XP level 3. HP: 33/33 MP: 4/4
   654 | D:2      | Reached XP level 4. HP: 34/41 MP: 5/5
  1004 | D:2      | Learned a level 2 spell: Wereblood
  1008 | D:2      | Learned a level 3 spell: Spider Form
  1090 | D:3      | Found Soekh's Magic Scroll Shoppe.
  1140 | D:3      | Found a blossoming altar of Fedhas.
  1158 | D:3      | Noticed an oklob plant
  1306 | D:3      | Reached XP level 5. HP: 48/49 MP: 6/6
  1309 | D:3      | Found Behasesi's Assorted Antiques.
  1451 | D:3      | Found Bauppeitt's Antique Armour Shop.
  2104 | D:4      | Reached skill level 4 in Unarmed Combat
  2125 | D:4      | Reached XP level 6. HP: 57/57 MP: 4/8
  2638 | D:4      | Reached XP level 7. HP: 66/66 MP: 6/9
  2741 | D:5      | Entered Level 5 of the Dungeon
  2970 | D:4      | HP: 3/67 [killer bee (7)]
  3070 | D:4      | Reached skill level 5 in Unarmed Combat
  3233 | D:5      | Reached XP level 8. HP: 54/75 MP: 11/11
  3290 | D:5      | Found a staircase to the Ecumenical Temple.
  3320 | Temple   | Entered the Ecumenical Temple
  3532 | Temple   | Became a worshipper of Hepliaklqana the Forgotten
  3616 | D:5      | Got Woall's Grimoire of Dusty Companions
  3926 | D:6      | Found a glowing drain.
  3932 | Sewer    | Entered a sewer
  4061 | Sewer    | Reached skill level 1 in Invocations
  4693 | D:6      | Noticed Sigmund
  4699 | D:6      | Killed Sigmund
  4706 | D:6      | Learned a level 4 spell: Ice Form
  4774 | D:6      | Reached XP level 9. HP: 84/84 MP: 13/13
  5205 | D:7      | Found a sand-covered staircase.
  5211 | Ossuary  | Entered an ossuary
  5384 | Ossuary  | Reached skill level 6 in Unarmed Combat
  5402 | Ossuary  | Reached * piety under Hepliaklqana
  5454 | Ossuary  | Noticed Menkaure
  5505 | Ossuary  | Killed Menkaure
  5921 | D:7      | Identified the +11 quarterstaff of Wisdom {venom, Str+5
                  | Int-3}
  6002 | D:7      | Found a basalt altar of Yredelemnul.
  6045 | D:7      | Noticed Duvessa
  6046 | D:7      | Noticed Dowan
  6054 | D:7      | Killed Duvessa
  6055 | D:7      | Killed Dowan
  6056 | D:7      | Reached skill level 5 in Dodging
  6338 | D:7      | Reached ** piety under Hepliaklqana
  6339 | D:7      | Remembered your ancestor Maendfuq as a hexer
  6404 | D:7      | Found an ancient bone altar of Kikubaaqudgha.
  6652 | D:8      | Paralysed by a hornet for 1 turns
  6655 | D:8      | Reached skill level 5 in Fighting
  6760 | D:8      | Reached XP level 10. HP: 85/86 MP: 13/15
  6859 | D:8      | Found a stormy altar of Qazlal.
  7014 | D:8      | Found Basyclex's Book Boutique.
  7584 | D:9      | Paralysed by a hornet for 1 turns
  7741 | D:9      | Reached skill level 7 in Unarmed Combat
  7803 | D:9      | Noticed Psyche
  7814 | D:9      | Killed Psyche
  7815 | D:9      | Reached skill level 5 in Transmutations
  8120 | D:9      | Noticed Erolcha
  8123 | D:9      | Reached *** piety under Hepliaklqana
  8129 | D:9      | Killed Erolcha
  8249 | D:9      | Found a white marble altar of Elyvilon.
  8256 | D:9      | Found a hide-covered altar of Uskayaw.
  8351 | D:10     | Entered Level 10 of the Dungeon
  8422 | D:10     | Found a snail-covered altar of Cheibriados.
  8517 | D:10     | Noticed a two-headed ogre
  8563 | D:10     | Noticed a six-headed hydra
  8585 | D:10     | Noticed a two-headed ogre
  8609 | D:9      | Killed a two-headed ogre
  8634 | D:10     | Found a staircase to the Orcish Mines.
  8654 | D:10     | Reached skill level 5 in Invocations
  8809 | D:10     | Found a staircase to the Lair.
  8943 | D:10     | Found Zacky's Armour Boutique.
  8961 | D:10     | Killed a two-headed ogre
  8962 | D:10     | Reached XP level 11. HP: 82/94 MP: 14/17
  9212 | D:10     | Found Voxzaoqa's Jewellery Shoppe.
  9330 | D:10     | Found a runed translucent door.
  9330 | D:10     | Found a runed translucent door.
  9330 | D:10     | Found a runed translucent door.
  9330 | D:10     | Noticed an ice dragon
  9330 | D:10     | Noticed a two-headed ogre
  9330 | D:10     | Noticed a skeletal warrior
  9330 | D:10     | Noticed a six-headed hydra
  9593 | D:10     | Killed a six-headed hydra
  9670 | D:11     | Reached skill level 8 in Unarmed Combat
  9680 | D:11     | Noticed a boulder beetle
  9742 | D:11     | Killed a boulder beetle
  9781 | D:11     | Noticed Harold
  9781 | D:11     | Noticed a two-headed ogre
  9790 | D:11     | Killed a two-headed ogre
  9791 | D:11     | Reached skill level 5 in Spellcasting
  9801 | D:11     | Killed Harold
  9937 | D:11     | Reached **** piety under Hepliaklqana
 10676 | Lair:1   | Entered Level 1 of the Lair of Beasts
 10684 | Lair:1   | Learned a level 2 spell: Passwall
 10805 | Lair:1   | Noticed Joseph
 10820 | Lair:1   | Killed Joseph
 10889 | Lair:1   | Noticed Sonja
 10889 | Lair:1   | Noticed a seven-headed hydra
 10890 | Lair:1   | Noticed Sonja
 10890 | Lair:1   | Sonja changed into Sonja the hornet
 10895 | Lair:1   | Killed Sonja the hornet
 10955 | Lair:1   | Killed a seven-headed hydra
 10956 | Lair:1   | Reached XP level 12. HP: 88/103 MP: 15/19
 11396 | Lair:2   | Reached skill level 9 in Unarmed Combat
 11516 | Lair:2   | Reached skill level 1 in Evocations
 11968 | Lair:2   | Found a staircase to the Shoals.
 12210 | Lair:3   | Reached ***** piety under Hepliaklqana
 12272 | Lair:3   | Noticed a death yak
 12273 | Lair:3   | Noticed a death yak
 12275 | Lair:3   | Noticed a death yak
 12276 | Lair:3   | Noticed a death yak
 12291 | Lair:3   | Killed a death yak
 12292 | Lair:3   | Reached skill level 1 in Armour
 12295 | Lair:3   | Killed a death yak
 12303 | Lair:3   | Killed a death yak
 12313 | Lair:3   | Killed a death yak
 12484 | Lair:3   | Found a hole to the Spider Nest.
 12629 | Lair:3   | Reached XP level 13. HP: 103/114 MP: 21/21
 13158 | Lair:4   | Noticed Nessos
 13171 | Lair:4   | Killed Nessos
 14104 | Lair:5   | Noticed Josephine
 14142 | Lair:4   | Reached skill level 10 in Unarmed Combat
 14199 | Lair:4   | Killed Josephine
 14481 | Lair:5   | Found a runed translucent gate.
 14481 | Lair:5   | Found a runed translucent gate.
 14481 | Lair:5   | Noticed Isouggaj's ghost (journeyman BaIE)
 14487 | Lair:5   | Noticed Devyomi's ghost (journeyman GrBe)
 14498 | Lair:5   | Found a runed translucent gate.
 14700 | Lair:5   | Found a viscous altar of Jiyva.
 14700 | Lair:5   | Found a staircase to the Slime Pits.
 15593 | Lair:5   | Killed Isouggaj's ghost
 15617 | Lair:5   | Killed Devyomi's ghost
 15639 | Lair:5   | Got the Reference Book on Freezing Flight
 15703 | Lair:6   | Entered Level 6 of the Lair of Beasts
 15961 | Lair:6   | Reached XP level 14. HP: 118/123 MP: 22/22
 17260 | Orc:1    | Entered Level 1 of the Orcish Mines
 17269 | Orc:1    | Noticed Jorgrun
 17286 | Orc:1    | Killed Jorgrun
 17383 | Orc:1    | Found a runed translucent door.
 17384 | Orc:1    | Found a shimmering altar of Xom.
 17384 | Orc:1    | Noticed contendunt's ghost (journeyman MiFi)
 17385 | Orc:1    | You fall into a shaft and drop 1 floor!
 17385 | Orc:2    | Entered Level 2 of the Orcish Mines
 17434 | Orc:2    | Reached ****** piety under Hepliaklqana
 17444 | Orc:2    | Found a staircase to the Elven Halls.
 18036 | Orc:2    | Reached skill level 11 in Unarmed Combat
 18036 | Orc:2    | Found Dukyth's Antique Weapon Emporium.
 18086 | Orc:2    | Found Isie's Distillery.
 18104 | Orc:2    | Bought a potion of cancellation for 80 gold pieces
 18140 | Orc:2    | Found a radiant altar of Vehumet.
 18144 | Orc:2    | Paralysed by an orc sorcerer for 5 turns
 18232 | Orc:2    | Found an ancient bone altar of Kikubaaqudgha.
 18261 | Orc:2    | Paralysed by an orc sorcerer for 3 turns
 18301 | Orc:2    | Found Zoularr's Jewellery Emporium.
 18306 | Orc:2    | Found Rosogyph's Jewellery Shoppe.
 18599 | Orc:1    | Found a shimmering blue altar of Sif Muna.
 18625 | Orc:1    | Reached skill level 5 in Evocations
 18626 | Orc:1    | Got Sif Muna's Reference Book on Weightlessness
 18799 | Orc:1    | Reached skill level 5 in Armour
 18828 | Orc:1    | Killed contendunt's ghost
 18891 | D:10     | Bought the ring of Fedhas's Supremacy {rF+ rC+ EV+4 Int+4
                  | Slay+3} for 1170 gold pieces
 19018 | D:12     | Noticed Urug
 19059 | D:11     | Reached XP level 15. HP: 53/131 MP: 22/24
 19101 | D:12     | Killed Urug
 19353 | D:12     | Found Soomusie's General Store.
 20616 | D:13     | Found a gate to the Vaults.
 20793 | D:13     | Identified a scroll of acquirement
 21660 | D:14     | Found Eshroaro's Weapon Shop.
 21734 | D:15     | Entered Level 15 of the Dungeon
 21965 | D:15     | Found an opulent altar of Gozag.
 22297 | D:15     | Paralysed by an ogre mage for 4 turns
 22479 | D:15     | Reached XP level 16. HP: 102/141 MP: 24/26
 22495 | D:15     | Identified the +8 falchion of the Land of Plenty {spect,
                  | rC+ rN+ Int+4 Dex-4}
 22531 | D:15     | Reached skill level 12 in Unarmed Combat
 22548 | D:15     | Found a staircase to the Depths.
 22762 | D:15     | Found a runed translucent door.
 22765 | D:15     | Noticed robertstho's ghost (adept DjFE)
 22765 | D:15     | Identified the +10 spear "Gann" {flame, rN+ MP+9 Str-5}
 22777 | D:15     | Acquired the +10 demon trident "Tormentor" {freeze, Fly
                  | Will+ rCorr Dex+3}
 22809 | D:15     | HP: 5/142 [spore (20)]
 22812 | D:15     | HP: 1/142 [robertstho's ghost (20)]
 22816 | D:15     | Killed robertstho's ghost
 22816 | D:15     | Killed by an exploding ball lightning

Illustrated notes

Levels and vault maps discovered:
D:1:      saegor_arrival_under_anarchy, layout_rooms,
          hellmonk_ecumenical_altar_defaced_shrine, kennysheep_another_room
D:2:      layout_rooms, basic_altar
D:3:      layout_basic, tgw_fedhas, serial_shops, nicolae_shop_waterfront,
          nicolae_lakefront_shop, shop
D:4:      layout_cave_pools, serial_co_window_serial, co_window_paths_b,
          co_window_of_opportunity_a, co_window_corner_a,
          co_window_of_opportunity_a, co_window_of_opportunity_a,
          co_window_unsneaky_path_b, co_window_unsneaky_path_b,
          co_window_unsneaky_path_e, co_window_broadway_a, co_window_corner_b,
          co_window_broadway_a, co_window_4corner_b, glass_columns_a,
          glass_columns_c, glass_columns_a, glass_columns_a
D:5:      layout_basic, minmay_temple_entry_large_hall
D:6:      layout_rooms, portal_sewer_entry_e, kb_lookout_dungeons_type,
          uniq_sigmund
D:7:      layout_cave_pods, mainiacjoe_overflow_tiny_flanked, tgw_kikubaaqudgha,
          nicolae_ossuary_entry_giza, uniq_duvessa
D:8:      layout_loops_cross, lemuel_round_altar, serial_shops,
          nicolae_square_shop
D:9:      layout_loops_corners, mainiacjoe_overflow_big_doors, uniq_psyche,
          uniq_erolcha
D:10:     minmay_the_grid_triangle_9x9_rhombus_full
          [minmay_the_grid_triangle_9x9_cache,
          minmay_the_grid_triangle_9x9_checkered,
          minmay_the_grid_triangle_9x9_shrine,
          minmay_the_grid_triangle_9x9_fully_insulated_deathbox,
          minmay_the_grid_triangle_9x9_limited_checkers,
          minmay_the_grid_triangle_9x9_subtriangle,
          minmay_the_grid_triangle_9x9_from_above,
          minmay_the_grid_triangle_9x9_prize_special], layout_stronghold,
          kennysheep_mini, dpeg_oklobed_lair, serial_shops, shop,
          minmay_shop_enchanted_jewellery, roderic_serpentine_path,
          chequers_serial_rivers_large_b
D:11:     layout_basic, uniq_harold
D:12:     layout_irregular_city, serial_shops, nicolae_take_the_stairs,
          small_chamber_with_monster, st_stairs_5,
          minmay_fractal_squares_diagonal_5, uniq_urug
D:13:     layout_basic, lightli_vaults_fourway_checkpoint,
          nicolae_twisting_strands
D:14:     layout_irregular_city, serial_shops, nicolae_shop_window_shopping,
          minmay_misc_feat_ornament
D:15:     grunt_enter_depths_hoard, layout_loops_ring,
          ebering_ghost_funeral_grove, nicolae_gozag_seed_capital
Temple:   regret_index_temple_generic_petals
Lair:1:   layout_misc_corridors, uniq_sonja, uniq_joseph
Lair:2:   layout_loops_ring, minmay_shoals_entry_hut,
          grunt_forest_large_clearings, lemuel_fruit_fields
Lair:3:   layout_loops_ring, nicolae_spider_entry_non_spiders,
          kennysheep_abandoned_house
Lair:4:   layout_roguey, uniq_nessos
Lair:5:   layout_small_grid, slime_altar_1, gammafunk_ghost_cemetery,
          chequers_serial_rivers_micro_b, uniq_josephine
Lair:6:   grunt_lair_end_beastmaster, layout_loops_ring, lemuel_old_faithful
Orc:1:    layout_diamond_mine, ebering_ghost_xom, led_sif_book, uniq_jorgrun
Orc:2:    kennysheep_orc_mage_school, layout_caves, nicolae_orc_lava_tube

Skill      XL: |  1  2  3  4  5  6  7  8  9 10 11 12 13 14 15 16 |
---------------+-------------------------------------------------+-----
Fighting       | 1 2 3 4 5 6 7 8 9 |  9.8
Dodging        | 2 3 4 5 6 7 8 9 |  9.9
Transmutations | 2 3 4 5 6 7 8 9 |  9.0
Spellcasting   | 2 3 4 5 6 7 |  7.6
Unarmed Combat | 4 5 6 7 8 9 10 11 12 | 12.0
Invocations    | 2 3 5 6 7 8 9 |  9.8
Evocations     | 2 3 5 6 |  6.1
Armour         | 1 3 5 6 |  6.2

Action                   |  1- 3 |  4- 6 |  7- 9 | 10-12 | 13-15 | 16-18 || total
-------------------------+-------+-------+-------+-------+-------+-------++-------
Melee: Unarmed           |    69 |   173 |   430 |   605 |  1229 |    39 ||  2545
       Punch             |       |     2 |    10 |    30 |    69 |     1 ||   112
       Kick              |       |     7 |   103 |   184 |   360 |    13 ||   667
       Headbutt          |       |       |    59 |   116 |   229 |     8 ||   412
 Cast: Beastly Appendage |       |     3 |    60 |    55 |   127 |     2 ||   247
       Wereblood         |       |     2 |    13 |    26 |    60 |     2 ||   103
       Spider Form       |       |       |       |     3 |     7 |       ||    10
       Ice Form          |       |       |       |       |     4 |       ||     4
Invok: Ancestor Identity |       |       |     2 |       |       |       ||     2
       Ancestor Life: He |       |       |     1 |       |       |       ||     1
       Idealise          |       |       |       |       |     1 |       ||     1
 Abil: End Transformatio |       |       |       |       |     5 |       ||     5
Evoke: Wand              |       |       |       |     1 |       |       ||     1
  Use: Potion            |       |       |     4 |       |       |     3 ||     7
       Scroll            |       |       |    12 |     6 |     8 |     1 ||    27
 Stab: Sleeping          |       |       |     4 |       |     1 |       ||     5
       Distracted        |       |       |     1 |     2 |    10 |       ||    13
       Confused          |       |       |       |     7 |     6 |     1 ||    14
       Paralysed         |       |       |       |       |    27 |       ||    27
Armor: Robe              |    19 |    45 |   163 |    50 |       |       ||   277
       Skin              |       |       |    21 |    14 |    42 |       ||    77
       Troll leather arm |       |       |       |   215 |   453 |       ||   668
       Ice dragon scales |       |       |       |       |   216 |    20 ||   236
Dodge: Dodged            |    21 |    76 |   284 |   464 |   861 |    20 ||  1726

Table legend: (Time is in decaauts)
 A = Elapsed time spent in this place.
 B = Non-inter-level travel time spent in this place.
 C = Inter-level travel time spent in this place.
 D = Time resting spent in this place.
 E = Time spent auto-exploring this place.
 F = Levels seen in this place.
 G = Mean time per level.
                   A        B        C        D        E       F      G
               +--------+--------+--------+--------+--------+-----+--------+
         Total |  22735 |  21301 |   1434 |    352 |  14776 |  26 |  874.4 |
       Dungeon |  13762 |  12809 |    953 |    327 |   9161 |  15 |  917.5 |
        Temple |    251 |    212 |     39 |      0 |    201 |   1 |  251.0 |
          Lair |   5966 |   5543 |    423 |      8 |   3766 |   6 |  994.3 |
  Orcish Mines |   1549 |   1531 |     18 |     12 |    881 |   2 |  774.5 |
         Sewer |    737 |    737 |      0 |      0 |    507 |   1 |  737.0 |
       Ossuary |    468 |    468 |      0 |      5 |    259 |   1 |  468.0 |
               +--------+--------+--------+--------+--------+-----+--------+

Top non-repeatable levels by time:
    D:10: 1482 daAuts
     D:9: 1277 daAuts
  Lair:5: 1207 daAuts
  Lair:6: 1141 daAuts
     D:4: 1123 daAuts
    D:11: 1111 daAuts
    D:15: 977 daAuts
  Lair:4: 973 daAuts
  Lair:3: 964 daAuts
     D:7: 947 daAuts
     D:3: 945 daAuts
    D:14: 943 daAuts
  Lair:2: 924 daAuts
    D:12: 902 daAuts
    D:13: 869 daAuts
